 Dungeon Crawl Stone Soup version 0.24.0-3-g28a8eb0610 (webtiles) character file.

Game seed: 15154802254770611003, levelgen mode: deterministic

30 Iskender the Sneak (level 3, -6/26 HPs)
             Began as an Octopode Chaos Knight on Nov 1, 2019.
             Was a Plaything of Xom.
             Engulfed by a fire crab (shapeshifter)'s flame (24 damage)
             ... on level 1 of the Dungeon.
             The game lasted 00:03:56 (671 turns).

Iskender the Sneak (Octopode Chaos Knight)           Turns: 671, Time: 00:03:57

Health: -6/26      AC:  1    Str: 11    XL:     3   Next: 18%
Magic:  3/3        EV: 28    Int: 15    God:    Xom [.*....]
Gold:   21         SH:  0    Dex: 11    Spells: 2/2 levels left

rFire    . . .     SeeInvis .   a - +0 spear
rCold    . . .     Gourm    .   (no shield)
rNeg     . . .     Faith    .   (helmet restricted)
rPois    .         Spirit   .   k - amulet of the acrobat
rElec    .         Reflect  .   h - ring of protection from magic
rCorr    .         Harm     .   (no ring)
MR       +....                  (no ring)
Stlth    +++.......             (no ring)
HPRegen  0.08/turn              (no ring)
MPRegen  0.08/turn              (no ring)
                                (no ring)
                                (no ring)

@: acrobat
A: almost no armour, stealthy swim, amphibious, 8 rings, constrict 8, camouflage
1, gelatinous body 1
a: Renounce Religion


You were on level 1 of the Dungeon.
You worshipped Xom.
You were a plaything of Xom.
You were not hungry.

You visited 1 branch of the dungeon, and saw 1 of its levels.

You collected 21 gold pieces.

Inventory:

Hand Weapons
 a - a +0 spear (weapon)
 f - a +0 spear of chaos
 l - a +2 antimagic dagger
Missiles
 i - 21 sling bullets
 m - 17 stones (quivered)
Jewellery
 h - a ring of protection from magic (left tentacle)
 k - an amulet of the acrobat (around mantle)
Scrolls
 c - a scroll of remove curse {unknown}
 e - a scroll of identify {unknown}
 g - a scroll of teleportation
Potions
 j - 2 potions of heal wounds {unknown}
Comestibles
 b - a ration
 d - a chunk of flesh


   Skills:
 - Level 3.0 Fighting
 - Level 3.0 Polearms
 - Level 2.3 Dodging
 + Level 4.1 Stealth


You had 2 spell levels left.
You didn't know any spells.
Your spell library was empty.

Dungeon Overview and Level Annotations

Branches:
Dungeon (1/15)

Altars:


Innate Abilities, Weirdness & Mutations

You cannot wear most types of armour.
You are very stealthy in the water. (Stealth+)
You are amphibious.
You can wear up to eight rings at the same time.
You can use your tentacles to constrict eight enemies at once.
Your skin changes colour to match your surroundings (Stealth+).
Your rubbery body absorbs attacks. (AC +1, EV +1)


Message History

You open the door.
A hobgoblin comes into view. It is wielding a +0 club.
There is an open door here.
Your surroundings suddenly seem different.
A fire crab comes into view.
Some of the chunks of flesh in your inventory have rotted away.
Xom plays with reality for a moment.
The air shimmers briefly around you.
You are now a plaything of Xom.
The fire crab breathes flames at you.
You see here a bat skeleton.
You close the door.
Xom notices you.
You are caught in a localised field of spatial distortion.
The fire crab breathes flames at you. The blast of flame misses you.
You are engulfed in blazing flames.
Ouch! That really hurt!
You die...
Xom laughs nastily!

......#...####....#.#####.#..####
..###.............#.#...#.#..####
..# #............................
..###..........##.#.......##.....
.........###### #.#.......####...
...##.##.# #.#.......####...
...##.# .########.#..............
....... .........................
...... .......○@○°○°t...........
...... .......○○#..###...##....
...##. ##.#.##○○○....+...##.###
...##. #.# #####○.###t..##.###
...... #.#.# #..###.........
...### ##.#. #...##......... ...#
g.. #........##.#.# ...# #.#
#...÷....#..... ...# #.#
#........#..#.#


You could see a fire crab.

Vanquished Creatures
  A dart slug (D:1)
  2 bats (D:1)
  A giant cockroach (D:1)
  2 hobgoblins (D:1)
  5 kobolds (D:1)
  A frilled lizard (D:1)
  8 goblins (D:1)
  4 rats (D:1)
24 creatures vanquished.

Notes
Turn   | Place    | Note
-------+----------+-------------------------------------------
     0 | D:1      | Iskender the Octopode Chaos Knight began the quest for the
                  | Orb.
     0 | D:1      | Reached XP level 1. HP: 16/16 MP: 1/1
     8 | D:1      | Reached skill level 1 in Stealth
    14 | D:1      | Noticed a shapeshifter
    14 | D:1      | a goblin changed into a shapeshifter
    14 | D:1      | Noticed a hippogriff
    14 | D:1      | a shapeshifter changed into a hippogriff
    51 | D:1      | Reached skill level 2 in Stealth
    55 | D:1      | Reached XP level 2. HP: 14/21 MP: 2/2
    63 | D:1      | Noticed a jumping spider
   214 | D:1      | XOM: harmless Air miscast
   255 | D:1      | Reached skill level 3 in Stealth
   442 | D:1      | Reached XP level 3. HP: 18/26 MP: 3/3
   493 | D:1      | Reached skill level 4 in Stealth
   649 | D:1      | Noticed a fire crab
   651 | D:1      | XOM: cast spell 'Dispersal'
   669 | D:1      | XOM: mild Tloc miscast
   671 | D:1      | Engulfed by a fire crab (shapeshifter)'s flame

Levels and vault maps discovered:
D:1:      dpeg_arrival_line_fractal, layout_basic

Skill      XL: |  1  2  3 |
---------------+----------+-----
Stealth        | 2 3 4 |  4.1
Fighting       | |  3.0
Polearms       | |  3.0
Dodging        | |  2.3

Action                   || total
-------------------------++-------
Melee: Spear             ||    56
       Tentacles         ||     8
       Constrict         ||     8
  Use: Scroll            ||     1
 Stab: Sleeping          ||     7
       Distracted        ||     1
Armor: Skin              ||     5
Dodge: Dodged            ||    10
